 Dungeon Crawl Stone Soup version 0.21-a0-584-g185da8e (webtiles) character file.

1268 KristoblXynda the Chucker (level 8, 0/61 HPs)
             Began as a Centaur Gladiator on Dec 20, 2017.
             Slain by a black bear (4 damage)
             ... on level 6 of the Dungeon.
             The game lasted 00:09:42 (5321 turns).

KristoblXynda the Chucker (Centaur Gladiator)       Turns: 5321, Time: 00:09:42

Health: 0/61       AC:  7    Str: 19    XL:     8   Next: 28%
Magic:  2/2        EV:  9    Int:  8    God:
Gold:   286        SH:  0    Dex: 10    Spells: 7/7 levels left

rFire    + . .     SeeInvis .   s - +11 scythe "Qaos" {antimagic, rC+}
rCold    + + .     Gourm    .   (shield currently unavailable)
rNeg     . . .     Faith    .   o - +0 ring mail
rPois    .         Spirit   .   c - +0 helmet
rElec    .         Reflect  .   (no cloak)
rCorr    .         Harm     .   (no gloves)
MR       .....                  (no barding)
Stlth    ..........             (no amulet)
HPRegen  0.20/turn              n - ring of protection from cold
MPRegen  0.08/turn              (no ring)

@: very quick
A: large, hooves 3, deformed body, fire resistance 1, speed 2, tough skin 3,
wild magic 1
a: no special abilities


You were on level 6 of the Dungeon.
You were not hungry.

You visited 1 branch of the dungeon, and saw 6 of its levels.

You collected 286 gold pieces.

Inventory:

Hand Weapons
 h - a +3 trident of freezing
 s - the +11 scythe "Qaos" (weapon) {antimagic, rC+}
   (You found it on level 6 of the Dungeon)

   It reduces the magical energy of the wielder, and disrupts the spells and
   magical abilities of those hit.
   Natural abilities and divine invocations are not affected.
   It protects you from cold.
Missiles
 d - 3 throwing nets
 l - 4 tomahawks (quivered)
Armour
 c - a +0 helmet (worn)
 o - a +0 ring mail (worn)
Jewellery
 n - a ring of protection from cold (left hand)
Scrolls
 b - a scroll of magic mapping {unknown}
 j - a scroll of teleportation
 m - a scroll of amnesia
 p - a scroll of blinking
 q - a scroll of remove curse
 r - a scroll of enchant weapon {unknown}
 t - a scroll of fog {unknown}
 u - a scroll of enchant armour {unknown}
Potions
 a - 2 potions of curing
 e - 2 potions of lignification
 g - a potion of resistance
 k - a potion of haste
 v - 2 potions of berserk rage
 w - a potion of heal wounds
Books
 i - a book of Cantrips

   Spells                             Type                      Level
   a - Confusing Touch                Hexes                        1
   b - Animate Skeleton               Necromancy                   1
   c - Summon Small Mammal            Summoning                    1
   d - Apportation                    Translocation                1
Comestibles
 f - 10 rations


   Skills:
 - Level 2.0 Fighting
 + Level 5.9 Polearms
 + Level 6.7 Throwing
 + Level 3.2 Armour
 - Level 3.4 Dodging


You had 7 spell levels left.
You didn't know any spells.

Dungeon Overview and Level Annotations

Branches:
Dungeon (6/15)
 Temple: D:4-7

Altars:
Trog
Xom
Yredelemnul
The Shining One

Annotations:
D:6 Prince Ribbit


Innate Abilities, Weirdness & Mutations

You have hooves in place of feet.
Armour fits poorly on your strangely shaped body.
You cover ground very quickly.
You have extremely tough skin. (AC +3)
Your flesh is heat resistant. (rF+)
Your spells are a little harder to cast, but a little more powerful.


Message History

The black bear is almost dead.
The black bear bites you. The black bear claws you. x2
The black bear goes berserk!
You hit the black bear. Your kick misses the black bear.
The black bear is almost dead.
The black bear bites you!
* * * LOW HITPOINT WARNING * * *
The black bear claws you but does no damage.
The black bear barely misses you.
The crimson imp blinks!
The black bear barely misses you. The black bear claws you.
* * * LOW HITPOINT WARNING * * *
The black bear claws you.
* * * LOW HITPOINT WARNING * * *
You see here 2 arrows.
The black bear bites you.
* * * LOW HITPOINT WARNING * * *
The black bear barely misses you. The black bear closely misses you.
The black bear bites you but does no damage.
The black bear claws you.
You die...

..##.............#
...........#...#.#
...........#...#.#
..##......##.....##
.........# ###....#
...#..... ###..#
...##.#.. ##รท.#
.........# #..<#
...##...... ##@##
...# ##.#.####.h#
...# ..........##
:..# ..#.....##
...# #..#a##
....... #....######
......# #......a..#
#.#...# #.#######.#
.#...+ ## #.#


You could see a black bear (berserk) and a worker ant.

Vanquished Creatures
  Sigmund (D:2)
  A sky beast (D:5)
  2 phantoms
  A centaur (D:6)
  A bullfrog (D:6)
  A scorpion (D:4)
  A water moccasin skeleton (D:5)
  A crimson imp (D:5)
  A bullfrog zombie (D:6)
  A hound (D:6)
  4 jellies
  An orc priest (D:6)
  Terence (D:3)
  An iguana (D:4)
  Natasha (twice) (D:2)
  3 worker ants
  A killer bee zombie (D:5)
  A hound zombie (D:5)
  A worker ant zombie (D:5)
  4 adders
  An ooze (D:1)
  3 dart slugs
  3 leopard geckos
  18 orcs
  7 bats
  3 giant cockroaches
  4 goblins
  5 hobgoblins
  7 jackals
  A quokka (D:2)
  3 ball pythons
  A ball python skeleton (D:4)
  9 frilled lizards
  A jackal zombie (D:6)
  7 kobolds
  A leopard gecko skeleton (D:5)
  A quokka skeleton (D:6)
  12 rats
117 creatures vanquished.

Notes
Turn   | Place    | Note
-------+----------+-------------------------------------------
     0 | D:1      | KristoblXynda the Centaur Gladiator began the quest for the Orb.
     0 | D:1      | Reached XP level 1. HP: 17/17 MP: 1/1
   379 | D:1      | Reached XP level 2. HP: 15/24 MP: 2/2
  1545 | D:2      | Reached XP level 3. HP: 29/29 MP: 3/3
  1590 | D:2      | Reached skill level 3 in Throwing
  1660 | D:2      | Reached XP level 4. HP: 9/36 MP: 4/4
  2285 | D:2      | Noticed Sigmund
  2369 | D:2      | Noticed Natasha
  2447 | D:2      | Killed Natasha
  2554 | D:2      | Gained mutation: Your spells are a little harder to cast, but a little more powerful. [potion of mutation]
  2554 | D:2      | Gained mutation: Your flesh is heat resistant. (rF+) [potion of mutation]
  2568 | D:2      | Killed Sigmund
  2568 | D:2      | Reached skill level 4 in Throwing
  2568 | D:2      | Reached XP level 5. HP: 32/41 MP: 5/5
  2603 | D:2      | Noticed Natasha
  2608 | D:2      | Killed Natasha
  2608 | D:2      | Reached XP level 6. HP: 40/48 MP: 6/6
  3014 | D:3      | Noticed Terence
  3025 | D:3      | Killed Terence
  3377 | D:4      | Found a glowing golden altar of the Shining One.
  3557 | D:4      | Reached skill level 1 in Armour
  3651 | D:4      | Reached skill level 5 in Throwing
  4222 | D:5      | Entered Level 5 of the Dungeon
  4247 | D:5      | Noticed a sky beast
  4254 | D:5      | Killed a sky beast
  4254 | D:5      | Reached XP level 7. HP: 55/55 MP: 7/7
  4260 | D:5      | Found a bloodstained altar of Trog.
  4278 | D:5      | Found a shimmering altar of Xom.
  4377 | D:5      | Reached skill level 5 in Polearms
  4933 | D:6      | Got an encrusted scythe
  4936 | D:6      | Identified the +11 scythe "Qaos" {antimagic, rC+} (You found it on level 6 of the Dungeon)
  5002 | D:6      | Reached skill level 6 in Throwing
  5054 | D:6      | Found a basalt altar of Yredelemnul.
  5165 | D:6      | Reached XP level 8. HP: 51/61 MP: 2/8
  5286 | D:6      | Noticed Prince Ribbit
  5311 | D:6      | HP: 3/61 [black bear (2)]
  5321 | D:6      | Slain by a black bear

Vault maps used:
D:1:      ncdulo_wetmaze
D:2:      minmay_pentomino_s4, uniq_sigmund, uniq_natasha
D:3:      hangedman_decor_clover_reticule, uniq_terence
D:4:      nicolae_tso_carved_into_rock
D:5:      kennysheep_mini_moat, basic_altar, first_ration,
          kennysheep_generic_room_7
D:6:      nicolae_overflow_hidden_temple, serial_bayou, serial_bayou_lagoon_a,
          serial_bayou_shore_b, serial_bayou_pond_e, serial_bayou_shore_b,
          hangedman_abyss_or_decor_passed, grunt_potential, uniq_prince_ribbit1,
          uniq_crazy_yiuf_cottage

Skill      XL: |  1  2  3  4  5  6  7  8 |
---------------+-------------------------+-----
Polearms       | 3 4 5 |  5.9
Throwing       | 3 4 5 6 |  6.7
Dodging        | 3 |  3.4
Armour         | 1 2 3 |  3.2
Fighting       | |  2.0

Action                   |  1- 3 |  4- 6 |  7- 9 || total
-------------------------+-------+-------+-------++-------
Melee: Trident           |    93 |   130 |    52 ||   275
       Kick              |     9 |    24 |    18 ||    51
       Unarmed           |       |     7 |       ||     7
       Scythe            |       |       |    34 ||    34
Throw: Tomahawk          |       |     4 |       ||     4
  Use: Potion            |       |     8 |       ||     8
       Scroll            |       |     6 |     2 ||     8
  Eat: Ration            |     1 |     1 |       ||     2
       Chunk             |       |     3 |     1 ||     4
Armor: Leather armour    |    16 |       |       ||    16
       Ring mail         |    13 |    50 |    31 ||    94
Dodge: Dodged            |    49 |    45 |    43 ||   137

Table legend:
 A = Spawn XP
 B = Non-spawn XP
 C = Spawn XP percentage of total XP
 D = Spawn monster count
 E = Non-spawn monster count
 F = Spawn count percentage of total count
 G = Total turns spent on level
                    A         B        C        D         E        F      G
               +---------+---------+-------+---------+---------+-------+---------
         Total |       0 |    1812 |   0.0 |       0 |     117 |   0.0 |  5321
               +---------+---------+-------+---------+---------+-------+---------
           D:1 |       0 |      40 |   0.0 |       0 |      19 |   0.0 |  1584
           D:2 |       0 |     374 |   0.0 |       0 |      35 |   0.0 |  1170
           D:3 |       0 |      70 |   0.0 |       0 |      16 |   0.0 |   552
           D:4 |       0 |     239 |   0.0 |       0 |       9 |   0.0 |   916
           D:5 |       0 |     488 |   0.0 |       0 |      20 |   0.0 |   652
           D:6 |       0 |     601 |   0.0 |       0 |      18 |   0.0 |   447
               +---------+---------+-------+---------+---------+-------+---------
